 Dungeon Crawl Stone Soup version 0.29-a0-813-g4a14ea37d6 (webtiles) character file.

Game seed: 15368976315743035164

4914 trckry the Jinx (level 10, 0/45 HPs)
             Began as a Felid Delver on July 4, 2022.
             Was an Initiate of Gozag.
             Hit by a silver javelin thrown by a minotaur (4 damage)
             ... in a Gauntlet.
             The game lasted 01:11:04 (17846 turns).

trckry the Jinx (Felid Delver)                     Turns: 17846, Time: 01:11:04

Health: 0/45       AC:  3    Str: 16    XL:     10   Next: 27%
Magic:  20/20      EV: 21    Int: 15    God:    Gozag
Gold:   1015       SH:  0    Dex: 20    Spells: 16/21 levels left
                                        Lives:  0   Deaths: 2

rFire   + . .      SeeInvis +     - Unarmed
rCold   + . .      Faith    .   (shield unavailable)
rNeg    . . .      Spirit   .   (body armour unavailable)
rPois   .          Reflect  .   (helmet unavailable)
rElec   .          Harm     .   (cloak unavailable)
rCorr   .          Rampage  .   (gloves unavailable)
Will    +....      NoTele   +   (boots unavailable)
Stlth   ++++++....              I - amulet of regeneration
HPRegen 0.95/turn               t - +6 ring of strength
MPRegen 0.17/turn               G - ring of the Firefly {Wiz rF+ Dex+3 Stlth+}

@: quick
A: very small, claws 1, fangs 3, see invisible, speed 1, shaggy fur 3, stealthy
paws, no weapons or thrown items, no armour, multi-lived, horns 1, subdued magic
1
a: Renounce Religion, Potion Petition, Call Merchant, Bribe Branch


You were in a Gauntlet.
You worshipped Gozag.
Gozag was most pleased with you.
You visited 2 branches of the dungeon, and saw 13 of its levels.
You also visited: Sewer and Gauntlet.

You collected 2253 gold pieces.
You spent 480 gold pieces at shops.
You paid 758 gold pieces to Gozag.

Inventory:

Jewellery
 g - a +6 ring of intelligence
 n - a ring of magical power
 o - a ring of willpower
 t - a +6 ring of strength (left paw)
 x - a ring of protection from cold
 E - a +4 ring of evasion
 G - the ring of the Firefly (right paw) {Wiz rF+ Dex+3 Stlth+}
   (You found it on level 10 of the Dungeon)

   [ring of wizardry]

   It improves your spell success rate.
   Dex:       It affects your dexterity (+3).
   rF:        It protects you from fire.
   Stlth:     It makes you more stealthy.
 I - an amulet of regeneration (around neck)
 J - a ring of flight
 L - a +6 ring of dexterity
Wands
 e - a wand of digging (5)
 w - a wand of iceblast (11)
 y - a wand of flame (28)
 K - a wand of charming (11)
 O - a wand of mindburst (11)
Scrolls
 a - a scroll of fog
 b - 3 scrolls of torment {unknown}
 c - 4 scrolls of fear
 f - 3 scrolls of noise {unknown}
 h - a scroll of acquirement {unknown}
 j - a scroll of immolation {unknown}
 l - 6 scrolls of teleportation
 p - a scroll of poison {unknown}
 q - a scroll of magic mapping
 s - 4 scrolls of blinking {unknown}
 z - 4 scrolls of enchant weapon {unknown}
 A - 2 scrolls of enchant armour {unknown}
 F - 3 scrolls of identify
Potions
 d - 3 potions of haste
 i - 2 potions of cancellation
 k - 2 potions of heal wounds
 m - 8 potions of flight
 r - 3 potions of ambrosia
 u - 4 potions of curing
 v - a potion of resistance
 B - a potion of lignification
 C - a potion of attraction
 D - a potion of berserk rage
 H - a potion of might {unknown}
 M - a potion of mutation
Miscellaneous
 N - a box of beasts


   Skills:
 - Level 6.0 Fighting
 - Level 6.0 Dodging
 - Level 12.0 Stealth
 * Level 11.1 Unarmed Combat
 - Level 6.0 Spellcasting
 + Level 4.1 Conjurations
 * Level 12.2 Hexes
 - Level 3.0 Ice Magic
 + Level 4.2 Earth Magic
 - Level 6.0 Evocations


You had 16 spell levels left.
You knew the following spells:

 Your Spells              Type           Power      Damage    Failure   Level
a - Ensorcelled Hibernat  Hex/Ice        42%        N/A       1%          2
b - Stone Arrow           Conj/Erth      26%        3d8       2%          3

Your spell library contained the following spells:

 Spells                   Type           Power      Damage    Failure   Level
 Dazzling Flash           Conj/Hex       44%        N/A       1%          3
 Passwall                 Tmut/Erth      6%         N/A       3%          2
 Gell's Gravitas          Tloc           3%         N/A       16%         3
 Swiftness                Air            3%         N/A       16%         3
 Teleport Other           Tloc           3%         N/A       16%         3
 Iskenderun's Mystic Bla  Conj/Tloc      8%         2d4       22%         4
 Iskenderun's Battlesphe  Conj           12%        2d7       26%         5
 Fireball                 Conj/Fire      4%         3d4       52%         5
 Discord                  Hex            15%        N/A       90%         8
 Conjure Ball Lightning   Conj/Air       4%         3x3d6     97%         6
 Starburst                Conj/Fire      4%         6d3       97%         6
 Dispersal                Tloc           1%         N/A       100%        6
 Orb of Destruction       Conj           6%         9d6       100%        7
 Disjunction              Tloc           1%         N/A       100%        8
 Lehudib's Crystal Spear  Conj/Erth      6%         10d3      100%        8
 Animate Armour           Summ/Erth      Unusable   N/A       N/A         4

Dungeon Overview and Level Annotations

Branches:
Dungeon (12/15) Zot: 26788  Temple (1/1) D:5 Zot: 5884    Lair (0/6) D:8
    Orc (0/2) D:12          Sewer (visited)         Gauntlet (1/1) Zot: 17501

Altars:
Ashenzari
Cheibriados
Dithmenos
Elyvilon
Fedhas
Gozag
Hepliaklqana
Kikubaaqudgha
Makhleb
Nemelex Xobeh
Okawaru
Qazlal
Ru
Sif Muna
Trog
Uskayaw
Vehumet
Wu Jian
Xom
Yredelemnul
Zin
The Shining One

Shops:
D:10 [   D:11 *

Annotations:
D:7 3 runed translucent doors, om's ghost, novice TrFi
D:9 10 exclusions, Gastronok Gauntlet 9 transporters


Innate Abilities, Weirdness & Mutations

You have sharp claws.
You have razor-sharp teeth.
You have supernaturally acute eyesight. (SInv)
You cover ground quickly. (Speed+)
Your thick and shaggy fur keeps you warm. (AC +3, rC+)
Your paws help you pounce on unaware monsters.
You are incapable of wielding weapons or throwing items.
You cannot wear armour.
You gain extra lives every three experience levels.
You have a pair of small horns on your head.
Your spells are a little easier to cast, but a little less powerful.


Message History

Anything else - Cancel.
You meow for attention!
What are your orders? t - Meow!
Orders for allies: a - Attack new target. r - Retreat! s - Stop attacking. g - Guard the area. f - Follow me.
Anything else - Cancel.
You meow for attention!
The minotaur throws a silver javelin.
The silver javelin misses you.
There is an open door here.
There is a gate leading back out of this place here.
Items here: ) / :: ? [[ }.
O - a wand of mindburst (11)
b - 3 scrolls labelled YNTUYN YLYUDURCH (gained 1)
You pick up a There-And-Back Book and begin reading...
You add the spells Gell's Gravitas, Teleport Other and Dispersal to your library.
You pick up a book of the Spheres and begin reading...
You add the spells Iskenderun's Battlesphere, Fireball and Orb of Destruction to your library.
The minotaur throws a silver javelin.
The silver javelin pierces through you!!
The silver sears you!
You take 30 damage, and have 18/48 hp.
MASSIVE DAMAGE!!
Okay, then.
The minotaur throws a silver javelin.
The silver javelin pierces through you!!!
Ouch! That really hurt!
You stop ascending the stairs.
You die...
You are now level 10!
You rejoin the land of the living...
Health restored: 45 You now have 20/20 mp.
The minotaur throws a silver javelin.
The silver javelin pierces through you!!!
Ouch! That really hurt!
* * * LOW HITPOINT WARNING * * *
The silver sears you!
You die...
Your body crumbles into a pile of gold.

.##.#..#...#######
#.#h#..#.8.##....#
.##.#..#...##.##.#
##..#..#.8....##.#
....#..#...##.##.#######
#####..#...##....#.#≈≈≈#
......≈#.©.##.##.#.#.≈≈#
......∩#......##.'...∩≈#
......≈#.©.##.##@#.#.≈≈#
#####..#...##....#.#≈≈≈#
..^.#..#...##H##.#######
.^#.#..#.8....##.#
##.!#..#...##.##.#
##.$#..#.8.##....#
.#.©#..#...#######
##."#..#≈8≈#
##..#..#####


You could see a minotaur.

Vanquished Creatures
  Nessos (D:12)
  3 boulder beetles
  Erolcha (D:11)
  A centaur warrior (D:10)
  5 two-headed ogres
  A shining eye (Gauntlet)
  A cyclops (D:10)
  2 manticores (D:12)
  Psyche (D:8)
  A gargoyle (D:11)
  Maggie (D:8)
  An unseen horror (D:10)
  2 kobold demonologists (D:10)
  5 trolls
  A hornet (D:10)
  2 shadows
  7 yaks
  3 steam dragons
  Menkaure (D:5)
  An acid dragon (D:9)
  Duvessa (D:6)
  4 water moccasins
  2 floating eyes (Gauntlet)
  3 sky beasts
  2 black bears
  4 orc warriors
  2 ice beasts
  An ogre (D:7)
  5 centaurs
  A phantom (D:6)
  2 kobold brigands (D:9)
  Blork the orc (D:4)
  6 bullfrogs
  4 scorpions
  A gnoll sergeant (D:10)
  2 necrophages
  A wight (D:8)
  Dowan (D:6)
  14 killer bees
  8 howler monkeys
  10 orc priests
  3 hounds
  Ijyb (D:5)
  An iguana (D:5)
  A merfolk avatar (Sewer)
  A merfolk siren (Sewer)
  12 orc wizards
  12 adders
  2 shadow imps
  3 white imps
  An ufetubus (D:7)
  2 worms
  4 dart slugs
  60 orcs
  7 ball pythons
  4 endoplasms
  5 giant cockroaches
  6 goblins
  7 hobgoblins
  10 jackals
  11 kobolds
  9 quokkas
  3 bats
  8 frilled lizards
  24 rats
313 creatures vanquished.

Vanquished Creatures (others)
  A fungus (D:8)
1 creature vanquished.

Grand Total: 314 creatures vanquished

Notes
Turn   | Place    | Note
-------+----------+-------------------------------------------
     0 | D:5      | trckry the Felid Delver began the quest for the Orb.
     0 | D:5      | Reached XP level 1. HP: 10/10 MP: 2/2
     8 | D:5      | Noticed a black bear
   305 | D:4      | Reached XP level 2. HP: 14/14 MP: 3/3
   307 | D:4      | Noticed a scorpion
   325 | D:3      | Reached skill level 1 in Evocations
   325 | D:3      | Reached XP level 3. HP: 14/17 MP: 4/4
   449 | D:3      | Found a glowing drain.
   475 | Sewer    | Entered a sewer
   809 | Sewer    | Noticed a sickly merfolk siren
   846 | Sewer    | Killed a sickly merfolk siren
   847 | Sewer    | Reached XP level 4. HP: 21/21 MP: 5/5
  1322 | Sewer    | Noticed a malarious merfolk avatar
  1357 | Sewer    | Killed a malarious merfolk avatar
  1358 | Sewer    | Reached XP level 5. HP: 21/24 MP: 6/6
  1913 | D:2      | Found a faded altar of an unknown god.
  4497 | D:3      | Gained mutation: You are covered in thick fur. (AC +2)
                  | [Felid growth]
  4497 | D:3      | Reached XP level 6. HP: 25/28 MP: 7/7
  5767 | D:4      | Found a hide-covered altar of Uskayaw.
  5767 | D:4      | Found an ancient bone altar of Kikubaaqudgha.
  5834 | D:4      | Noticed Blork the orc
  6004 | D:4      | Killed Blork the orc
  6083 | D:4      | Reached XP level 7. HP: 28/32 MP: 8/8
  6813 | D:5      | Reached skill level 5 in Unarmed Combat
  6813 | D:5      | Reached skill level 1 in Spellcasting
  6836 | D:5      | Reached skill level 5 in Dodging
  6989 | D:5      | Found a sacrificial altar of Ru.
  7062 | D:5      | Noticed Ijyb
  7068 | D:5      | Killed Ijyb
  7278 | D:5      | Found a staircase to the Ecumenical Temple.
  7315 | Temple   | Entered the Ecumenical Temple
  7429 | Temple   | Became a worshipper of Gozag Ym Sagoz the Greedy
  7591 | D:5      | Noticed Menkaure
  7607 | D:5      | Killed Menkaure
  7608 | D:5      | Reached XP level 8. HP: 36/36 MP: 12/12
  7708 | D:5      | Found a sparkling altar of Nemelex Xobeh.
  8092 | D:6      | Noticed Dowan
  8138 | D:6      | Learned a level 2 spell: Ensorcelled Hibernation
  8158 | D:6      | Noticed Duvessa
  8161 | D:6      | Killed Duvessa
  8162 | D:6      | Reached skill level 1 in Hexes
  8174 | D:6      | Killed Dowan
  8641 | D:6      | Found a glowing golden altar of the Shining One.
  9155 | D:7      | Reached skill level 1 in Ice Magic
  9155 | D:7      | Reached XP level 9. HP: 27/39 MP: 15/15
  9486 | D:7      | Reached skill level 10 in Stealth
  9904 | D:7      | Found a runed translucent gate.
  9905 | D:7      | Found a runed translucent gate.
  9906 | D:7      | Found a runed translucent gate.
  9907 | D:7      | Noticed om's ghost (novice TrFi)
 10318 | D:8      | Found a staircase to the Lair.
 10524 | D:8      | Noticed Maggie
 10534 | D:8      | Killed Maggie
 10576 | D:8      | Reached skill level 5 in Hexes
 10842 | D:8      | Found an ornate altar of the Wu Jian Council.
 10850 | D:8      | Reached skill level 5 in Evocations
 11339 | D:8      | Reached XP level 10. HP: 43/43 MP: 17/17
 11341 | D:8      | Reached skill level 5 in Fighting
 11587 | D:8      | Noticed Psyche
 11593 | D:8      | Killed Psyche
 12667 | D:8      | Upgraded the game from 0.29-a0-802-g34511f41fd to
                  | 0.29-a0-813-g4a14ea37d6
 12946 | D:9      | Noticed Gastronok
 13315 | D:9      | HP: 2/44 [killer bee (8)]
 14292 | D:9      | Noticed a lindwurm
 14293 | D:9      | Noticed a lindwurm
 14304 | D:9      | Noticed a lindwurm
 14662 | D:10     | Entered Level 10 of the Dungeon
 14692 | D:10     | Learned a level 3 spell: Stone Arrow
 14816 | D:10     | Noticed a two-headed ogre
 14823 | D:10     | Killed a two-headed ogre
 14830 | D:10     | Identified the ring of the Firefly {Wiz rF+ Dex+3 Stlth+}
 14896 | D:10     | Found Licec's Antique Armour Shop.
 14979 | D:10     | Reached skill level 1 in Conjurations
 14979 | D:10     | Reached skill level 1 in Earth Magic
 15000 | D:10     | Reached XP level 11. HP: 33/48 MP: 13/19
 15016 | D:10     | Reached skill level 5 in Spellcasting
 15019 | D:10     | HP: 7/48 [poisoned by a kobold demonologist]
 15022 | D:10     | HP: 2/48 [poisoned by a kobold demonologist]
 15600 | D:10     | Noticed a centaur warrior
 15600 | D:10     | Noticed a stone giant
 15826 | D:10     | Killed a centaur warrior
 16188 | D:11     | Found Amnoatim's Neck Hole.
 16206 | D:11     | Bought an amulet of regeneration for 480 gold pieces
 16236 | D:11     | Noticed a two-headed ogre
 16243 | D:11     | Killed a two-headed ogre
 16351 | D:11     | Noticed Erolcha
 16378 | D:11     | Killed Erolcha
 16379 | D:11     | Reached skill level 10 in Unarmed Combat
 16379 | D:11     | Reached skill level 10 in Hexes
 16420 | D:11     | Noticed a boulder beetle
 16422 | D:11     | Killed a boulder beetle
 16542 | D:11     | Noticed a two-headed ogre
 16548 | D:11     | Killed a two-headed ogre
 16611 | D:11     | Noticed a two-headed ogre
 16631 | D:11     | Killed a two-headed ogre
 16913 | D:11     | Identified the +4 war axe of the Absolute Madman {freeze,
                  | Fly}
 17033 | D:12     | Noticed Nessos
 17038 | D:12     | Killed Nessos
 17054 | D:12     | Noticed a boulder beetle
 17062 | D:12     | Killed a boulder beetle
 17063 | D:12     | Gained mutation: Your thick and shaggy fur keeps you warm.
                  | (AC +3, rC+) [Felid growth]
 17063 | D:12     | Reached XP level 12. HP: 52/52 MP: 22/22
 17083 | D:12     | Noticed a boulder beetle
 17090 | D:12     | Killed a boulder beetle
 17112 | D:12     | Noticed a two-headed ogre
 17117 | D:12     | Killed a two-headed ogre
 17272 | D:12     | Found a gate leading to a gauntlet.
 17279 | D:12     | Found a staircase to the Orcish Mines.
 17285 | Gauntlet | Entered a Gauntlet
 17285 | Gauntlet | Found a transporter.
 17285 | Gauntlet | Found a transporter.
 17285 | Gauntlet | Found a transporter.
 17285 | Gauntlet | Found a transporter.
 17289 | Gauntlet | Found a transporter.
 17289 | Gauntlet | Found a transporter.
 17303 | Gauntlet | Found a transporter.
 17304 | Gauntlet | Found a transporter.
 17304 | Gauntlet | Noticed a green death
 17309 | Gauntlet | Noticed a hell beast
 17324 | Gauntlet | Found a transporter.
 17415 | Gauntlet | Found a transporter.
 17419 | Gauntlet | Found a transporter.
 17431 | Gauntlet | Found a transporter.
 17499 | Gauntlet | Gained mutation: You have a pair of small horns on your
                  | head. [a shining eye]
 17502 | Gauntlet | Gained mutation: Your spells are a little easier to cast,
                  | but a little less powerful. [a shining eye]
 17503 | Gauntlet | Paralysed by a floating eye for 2 turns
 17518 | Gauntlet | Paralysed by a floating eye for 3 turns
 17608 | Gauntlet | Slain by a thrashing horror
 17609 | Gauntlet | Reached XP level 11. HP: -4/48 MP: 20/21
 17613 | Gauntlet | Identified the +6 short sword of Detuolyk {speed, rF+}
 17613 | Gauntlet | Identified the +1 plate armour of Wubrizeule {Int+4}
 17613 | Gauntlet | Noticed a minotaur
 17835 | Gauntlet | Hit by a silver javelin thrown by a minotaur
 17836 | Gauntlet | Reached XP level 10. HP: -22/45 MP: 20/20
 17846 | Gauntlet | HP: 4/45 [minotaur/silver javelin (41)]
 17846 | Gauntlet | Hit by a silver javelin thrown by a minotaur

Illustrated notes

Levels and vault maps discovered:
D:1:      minmay_arrival_shoal_huts, layout_rooms, serial_bayou,
          serial_bayou_pond_c, serial_bayou_lagoon_a, serial_bayou_lake_a,
          serial_bayou_pond_b
D:2:      layout_basic, shapermc_ecumenical_altar_mp_highgroup
D:3:      layout_loops_corners, cheibrodos_sewer_entry_sluice
D:4:      layout_basic, nicolae_overflow_two_pavilions, uniq_blork_the_orc
D:5:      layout_basic, mainiacjoe_overflow_alcove_2, general_overflow_altar,
          minmay_temple_entry_hall, uniq_menkaure, uniq_ijyb
D:6:      layout_basic, tso_oasis_becter, uniq_duvessa
D:7:      layout_basic, gammafunk_ghost_necromancy
D:8:      layout_basic, mainiacjoe_overflow_tiny_flanked, dpeg_oklobed_lair,
          minmay_puff, uniq_psyche, uniq_maggie
D:9:      layout_loops_ring, minmay_lindwurm_lava, uniq_gastronok
D:10:     layout_small_grid, serial_shops, nicolae_stop_n_shop_1, wad_scary_box
D:11:     layout_loops_ring, nicolae_shop_sticking_my_neck_out, uniq_erolcha
D:12:     layout_rooms, hiddenorc2_lemuel, gauntlet_entry_generic, uniq_nessos
Temple:   kb_temple_of_zot
Gauntlet: gammafunk_gauntlet_hard_choice [gammafunk_gauntlet_arena_corners,
          nicolae_gauntlet_arena_t_cross, gammafunk_gauntlet_arena_open,
          gammafunk_gauntlet_arena_chambers, nicolae_gauntlet_arena_blocks,
          gammafunk_gauntlet_arena_spirals, gauntlet_exit_watery]

Skill      XL: |  1  2  3  4  5  6  7  8  9 10 11 12 |
---------------+-------------------------------------+-----
Dodging        | 3 4 5 6 |  6.0
Evocations     | 1 2 3 4 5 6 |  6.0
Stealth        | 7 8 9 11 12 | 12.0
Unarmed Combat | 3 4 6 7 8 9 10 11 | 11.1
Fighting       | 4 5 6 |  6.0
Spellcasting   | 2 3 4 6 |  6.0
Hexes          | 2 5 8 11 12 | 12.2
Ice Magic      | 1 2 3 |  3.0
Conjurations   | 1 3 4 |  4.1
Earth Magic    | 1 3 4 |  4.2

Action                   |  1- 3 |  4- 6 |  7- 9 | 10-12 || total
-------------------------+-------+-------+-------+-------++-------
Melee: Unarmed           |    61 |   282 |   222 |   328 ||   893
       Bite              |     4 |    24 |    25 |    24 ||    77
       Punch             |     1 |     6 |    19 |    18 ||    44
       Headbutt          |       |       |       |     1 ||     1
 Cast: Ensorcelled Hiber |       |       |       |    43 ||    43
       Stone Arrow       |       |       |       |    12 ||    12
Invok: Potion Petition   |       |       |       |     1 ||     1
Evoke: Wand              |       |       |    21 |     4 ||    25
  Use: Scroll            |     1 |       |       |     8 ||     9
       Potion            |       |     1 |       |     2 ||     3
 Stab: Sleeping          |     8 |    21 |    15 |    39 ||    83
       Distracted        |       |     1 |       |     4 ||     5
       Invisible         |       |       |       |     7 ||     7
Armor: Skin              |     1 |     9 |    16 |     7 ||    33
Dodge: Dodged            |    33 |   182 |   132 |   286 ||   633

Table legend: (Time is in decaauts)
 A = Elapsed time spent in this place.
 B = Non-inter-level travel time spent in this place.
 C = Inter-level travel time spent in this place.
 D = Time resting spent in this place.
 E = Time spent auto-exploring this place.
 F = Levels seen in this place.
 G = Mean time per level.
                   A        B        C        D        E       F      G
               +--------+--------+--------+--------+--------+-----+--------+
         Total |  15852 |  15326 |    526 |   1710 |   9834 |  15 | 1056.8 |
       Dungeon |  14019 |  13533 |    486 |   1518 |   8904 |  12 | 1168.2 |
        Temple |    115 |     75 |     40 |      0 |     64 |   1 |  115.0 |
         Sewer |   1219 |   1219 |      0 |      0 |    758 |   1 | 1219.0 |
      Gauntlet |    498 |    498 |      0 |    191 |    107 |   1 |  498.0 |
               +--------+--------+--------+--------+--------+-----+--------+

Top non-repeatable levels by time:
     D:8: 2752 daAuts
     D:3: 1531 daAuts
    D:10: 1312 daAuts
     D:9: 1235 daAuts
   Sewer: 1219 daAuts
     D:2: 1215 daAuts
     D:4: 1159 daAuts
     D:6: 1098 daAuts
     D:7: 1082 daAuts
     D:5: 1012 daAuts
    D:11: 705 daAuts
     D:1: 702 daAuts
Gauntlet: 498 daAuts
    D:12: 211 daAuts
  Temple: 115 daAuts
